 Dungeon Crawl Stone Soup version 0.32-a0-616-g9348d4545b (webtiles) character file.

Game seed: 1263975610469522491

30 brae the Purveyor of Pain (level 3, -3/24 HPs)
             Began as a Demonspawn Necromancer on Mar 6, 2024.
             Was an Initiate of Kikubaaqudgha.
             Slain by a gnoll
             ... wielding a +0 flail
              (14 damage)
             ... on level 1 of the Dungeon.
             The game lasted 00:08:29 (1368 turns).

brae the Purveyor of Pain (Demonspawn Necromancer)  Turns: 1368, Time: 00:08:29

Health: -3/24      AC:  2    Str:  8    XL:     3   Next: 5%
Magic:  6/6        EV: 12    Int: 17    God:    Kikubaaqudgha [......]
Gold:   50         SH:  0    Dex: 13    Spells: 2/6 levels left

rFire   . . .        c - +0 dagger
rCold   . . .        (no shield)
rNeg    . . .        a - +0 robe
rPois   .            (no helmet)
rElec   .            (no cloak)
rCorr   .            (no gloves)
SInv    .            (no boots)
Will    .....        (no amulet)
Stlth   ++           (no ring)
HPRegen 0.24/turn    (no ring)
MPRegen 0.10/turn

%: no passive effects
@: no status effects
A: demonic magic 2
a: Renounce Religion


You were on level 1 of the Dungeon.
You worshipped Kikubaaqudgha.
Kikubaaqudgha was noncommittal.
You visited 1 branch of the dungeon, and saw 3 of its levels.

You collected 50 gold pieces.

Inventory:

Hand Weapons
 c - a +0 dagger (weapon)
Missiles
 d - 19 stones
Armour
 a - a +0 robe (worn)
Jewellery
 n - a ring of protection from cold
Scrolls
 h - a scroll of identify
 m - a scroll of silence {unknown}
Potions
 b - a potion of magic
 f - a potion of cancellation
 g - a potion of lignification
 i - a potion of resistance {unknown}
 k - a potion of berserk rage {unknown}
 o - a potion of curing {unknown}


   Skills:
 - Level 1.7 Dodging
 - Level 1.7 Stealth
 + Level 2.3 Spellcasting
 * Level 5.2 Necromancy


You had 2 spell levels left.
You knew the following spells:

 Your Spells              Type           Power      Damage    Failure   Level
a - Necrotise             Necr           76%        1d7       2%          1
b - Vampiric Draining     Necr           19%        2d7       6%          3

Your spell library contained the following spells:

 Spells                   Type           Power      Damage    Failure   Level
 Apportation              Tloc           4%         N/A       19%         1
 Jinxbite                 Hex            4%         N/A       28%         2
 Fugue of the Fallen      Necr           19%        N/A       6%          3
 Animate Dead             Necr           19%        N/A       22%         4
 Hailstorm                Conj/Ice       2%         3d5       50%         3
 Ozocubu's Armour         Ice            2%         N/A       50%         3
 Summon Ice Beast         Ice/Summ       2%         N/A       50%         3
 Curse of Agony           Necr           19%        N/A       52%         5
 Manifold Assault         Tloc           2%         N/A       88%         4
 Alistair's Intoxication  Alch           1%         N/A       99%         5
 Sculpt Simulacrum        Ice/Alch       1%         N/A       100%        6
 Ozocubu's Refrigeration  Ice            1%         4d7       100%        7
 Polar Vortex             Ice            1%         N/A       100%        9


Dungeon Overview and Level Annotations

Branches:
Dungeon (3/15)

Altars:
Kikubaaqudgha

Shops:
D:1 !


Innate Abilities, Weirdness & Mutations

Spells you cast may paralyse nearby enemies.


Message History

Press: ? - help, Dir - move target, f - you
Okay, then.
As you read the scroll labelled NOEHUL HEDA, it crumbles to dust.
It was a scroll of blinking.
As you read the scroll labelled USOSEA GYGEFUT, it crumbles to dust.
You feel strangely unstable.
It was a scroll of teleportation.
You climb upwards.
The frilled lizard bites you.
The gnoll hits you from afar with a +0 spear.
The frilled lizard bites you.
There is a stone staircase leading down, spattered with blood here.
Your surroundings suddenly seem different.
Found a scroll labelled YSHANWATHI.
Found a stone staircase leading down.
There is a stone staircase leading down here.
This spell is quite dangerous to cast!
You start memorising the spell.
You continue memorising. x3
You finish memorising.
Spell assigned to 'b'.
There is a stone staircase leading down here.
The gnoll shouts! x2
There is a stone staircase leading down here.
There is a stone staircase leading up here.
You climb upwards.
There is a stone staircase leading down here.
You climb downwards.
The gnoll barely misses you.
There is a stone staircase leading up here.
The gnoll hits you with a +0 flail! The gnoll hits you but does no damage.
You climb upwards.
There is a stone staircase leading down here.
The gnoll hits you but does no damage. The gnoll attacks as it pursues you!
The gnoll hits you with a +0 flail! The gnoll attacks as it pursues you!
The gnoll hits you with a +0 flail. The gnoll attacks as it pursues you!
The gnoll closely misses you. The gnoll closely misses you.
The gnoll attacks as it pursues you! The gnoll misses you.
The gnoll attacks as it pursues you! The gnoll hits you with a +0 flail.
* * * LOW HITPOINT WARNING * * *
The gnoll attacks as it pursues you! The gnoll hits you with a +0 flail!
Ouch! That really hurt!
You die...
Kikubaaqudgha rasps: You have failed me!
Welcome... death!

#..........#......+........#..###
...)##.....########......##......
##.........# #..........##.##..#
#.....##### #.....#............
#....)# #####.....#............
#.....# #.........#......#..#.#
#....÷# #......####......#..#.#
#.....####.....g...#######.....#
####.....#####.@...# #.......
#∩....#####.....# ##....#.
#.....#.....>...# #####......
#...............# #......#..#
#...........##### #........#.
#...........# #.....##...
####......### #.....##...
#....############.....##.#.
#...........#..............


You could see a gnoll.

Vanquished Creatures
  A gnoll (D:1)
  5 endoplasms
  A goblin (D:2)
  3 hobgoblins (D:1)
  A kobold (D:1)
  A quokka (D:3)
  2 ball pythons
  A bat (D:2)
  3 frilled lizards
  2 rats (D:1)
20 creatures vanquished.

Notes
Turn   | Place    | Note
-------+----------+-------------------------------------------
     0 | D:1      | brae the Demonspawn Necromancer began the quest for the
                  | Orb.
     0 | D:1      | Reached XP level 1. HP: 13/13 MP: 3/3
    78 | D:1      | Found Osho's Distillery.
   451 | D:1      | Gained mutation: Spells you cast may paralyse adjacent
                  | enemies. [demonic ancestry]
   451 | D:1      | Reached XP level 2. HP: 19/19 MP: 3/5
   565 | D:1      | Reached skill level 5 in Necromancy
   628 | D:2      | Found an ancient bone altar of Kikubaaqudgha.
   638 | D:2      | Became a worshipper of Kikubaaqudgha
  1170 | D:3      | Gained mutation: Spells you cast may paralyse nearby
                  | enemies. [demonic ancestry]
  1170 | D:3      | Reached XP level 3. HP: 24/24 MP: 2/6
  1307 | D:2      | Learned a level 3 spell: Vampiric Draining
  1368 | D:1      | Slain by a gnoll

Illustrated notes

Levels and vault maps discovered:
D:1:      erik_arrival_blinker_ship, layout_basic, serial_shops, shop,
          minmay_misc_feat_ornament, serial_park_tiny_1
D:2:      layout_loops_ring, basic_altar
D:3:      layout_basic, uniq_crazy_yiuf_cottage, uniq_jessica, uniq_robin

Skill      XL: |  1  2 |
---------------+-------+-----
Necromancy     | 5 |  5.2
Dodging        | |  1.7
Stealth        | |  1.7
Spellcasting   | |  2.3

Action                     || total
---------------------------++-------
  Melee: Dagger            ||     7
   Cast: Necrotise         ||    38
    Use: Scroll            ||     5
 Armour: Robe              ||    17
  Dodge: Dodged            ||    14

Table legend: (Time is in decaauts)
 A = Elapsed time spent in this place.
 B = Non-inter-level travel time spent in this place.
 C = Inter-level travel time spent in this place.
 D = Time resting spent in this place.
 E = Time spent auto-exploring this place.
 F = Levels seen in this place.
 G = Mean time per level.
                   A        B        C        D        E       F      G
               +--------+--------+--------+--------+--------+-----+--------+
         Total |   1370 |   1370 |      0 |     83 |    731 |   3 |  456.7 |
       Dungeon |   1370 |   1370 |      0 |     83 |    731 |   3 |  456.7 |
               +--------+--------+--------+--------+--------+-----+--------+

Top non-repeatable levels by time:
     D:2: 658 daAuts
     D:1: 622 daAuts
     D:3: 89 daAuts
